 Dungeon Crawl Stone Soup version 0.24.0-37-gcf1ca852f1 (webtiles) character file.

Game seed: 16846170435378593248, levelgen mode: deterministic

90236 dikkface the Fencer (level 15, -4/139 HPs)
             Began as a Minotaur Fighter on Dec 8, 2019.
             Was the Champion of the Shining One.
             Slain by a +2 mace of protection (7 damage)
             ... on level 1 of the Elven Halls.
             The game lasted 01:50:02 (32647 turns).

dikkface the Fencer (Minotaur Fighter)             Turns: 32647, Time: 01:50:03

Health: -4/139     AC:  4    Str: 22    XL:     15   Next: 51%
Magic:  21/21      EV: 15    Int:  9    God:    the Shining One [******]
Gold:   1034       SH: 13    Dex: 15    Spells: 14/14 levels left

rFire    + . .     SeeInvis .   y - +8 scimitar "Yrafap" {venom, MR+}
rCold    + + .     Gourm    .   c - +0 shield
rNeg     + + +     Faith    .   (no armour)
rPois    .         Spirit   .   (helmet restricted)
rElec    +         Reflect  .   g - +1 cloak
rCorr    .         Harm     +   (no gloves)
MR       ++++.                  i - +0 pair of boots
Stlth    +.........             K - amulet of harm
HPRegen  0.33/turn              b - ring of Ikail {rElec rC+ MR+ Int+4 Stlth+}
MPRegen  0.17/turn              I - ring of protection from fire

@: glowing
A: retaliatory headbutt, horns 2, cold resistance 1, magic resistance 1
a: Divine Shield, Cleansing Flame, Summon Divine Warrior, Brand Weapon With Holy
Wrath, Renounce Religion


You were on level 1 of the Elven Halls.
You worshipped the Shining One.
The Shining One was exalted by your worship.
You were hungry.

You visited 5 branches of the dungeon, and saw 23 of its levels.
You also visited: Sewer, Ossuary and Ice Cave.

You collected 2365 gold pieces.
You spent 1331 gold pieces at shops.

Inventory:

Hand Weapons
 y - the +8 scimitar "Yrafap" (weapon) {venom, MR+}
   (You found it on level 4 of the Dungeon)

   It poisons the flesh of those it strikes.
   It affects your resistance to hostile enchantments.
 G - the +9 spear "Epro" {pierce, Int+3}
   (You found it on level 7 of the Dungeon)

   It inflicts extra damage upon your enemies.
   It affects your intelligence (+3).
Armour
 c - a +0 shield (worn)
 g - a +1 cloak (worn)
 i - a +0 pair of boots (worn)
 k - the +1 chain mail "Lufoados" {rF++ rC+}
   (You found it in an ice cave)

   It greatly protects you from fire.
   It protects you from cold.
 H - +0 acid dragon scales
Jewellery
 b - the ring of Ikail (left hand) {rElec rC+ MR+ Int+4 Stlth+}
   (You bought it in a shop on level 2 of the Orcish Mines)

   [ring of protection from cold]

   It affects your intelligence (+4).
   It protects you from cold.
   It insulates you from electricity.
   It affects your resistance to hostile enchantments.
   It makes you more stealthy.
 r - an uncursed ring of positive energy
 F - an uncursed ring of resist corrosion
 I - a ring of protection from fire (right hand)
 K - an amulet of harm (around neck)
Wands
 j - a wand of iceblast (15)
 x - a wand of flame (14)
 E - a wand of polymorph (17)
 L - a wand of acid (4)
 M - a wand of scattershot (6)
 W - a wand of digging (5)
Scrolls
 a - 4 scrolls of amnesia
 e - 13 scrolls of teleportation
 n - 9 scrolls of remove curse
 o - 4 scrolls of fear
 t - 7 scrolls of magic mapping
 u - 3 scrolls of blinking
 N - 2 scrolls of fog
 P - 2 scrolls of vulnerability
 S - 2 scrolls of enchant weapon
 T - 2 scrolls of noise
 V - a scroll of enchant armour
 X - 2 scrolls of identify
 Y - a scroll of torment
Potions
 d - 6 potions of might
 h - 4 potions of heal wounds
 l - 5 potions of flight
 m - 3 potions of agility
 p - 5 potions of curing
 q - 3 potions of haste
 s - a potion of cancellation
 v - 5 potions of invisibility
 w - 4 potions of degeneration
 A - 2 potions of lignification
 B - 3 potions of mutation
 C - 4 potions of brilliance
 D - 3 potions of ambrosia
 R - a potion of magic
 U - a potion of berserk rage
Miscellaneous
 z - a crystal ball of energy
 J - 2 boxes of beasts
Comestibles
 f - 18 rations


   Skills:
 + Level 14.8 Fighting
 + Level 17.5 Long Blades
   Level 8.2 Maces & Flails
 + Level 13.1 Armour
 - Level 6.1 Dodging
 + Level 12.8 Shields
 - Level 10.1 Invocations


You had 14 spell levels left.
You didn't know any spells.
Your spell library contained the following spells:

 Spells                   Type           Power        Failure   Level  Hunger
 Animate Skeleton         Necr           N/A          47%         1    ##.....
 Apportation              Tloc           #.....       47%         1    ##.....
 Confusing Touch          Hex            #.....       47%         1    ##.....
 Corona                   Hex            #......      47%         1    ##.....
 Freeze                   Ice            #...         47%         1    ##.....
 Shock                    Conj/Air       #...         47%         1    ##.....
 Summon Small Mammal      Summ           #...         47%         1    ##.....
 Ensorcelled Hibernation  Hex/Ice        #.....       63%         2    ###....
 Poisonous Vapours        Pois/Air       #.....       63%         2    ###....
 Swiftness                Chrm/Air       #.......     63%         2    ###....
 Throw Frost              Conj/Ice       #.....       63%         2    ###....
 Confuse                  Hex            #.......     85%         3    ####...
 Conjure Flame            Conj/Fire      #.......     85%         3    ####...
 Dazzling Spray           Conj/Hex       #.....       85%         3    ####...
 Gell's Gravitas          Tloc           #.........   85%         3    ####...
 Mephitic Cloud           Conj/Pois/Air  #.......     85%         3    ####...
 Ozocubu's Armour         Chrm/Ice       #.......     85%         3    ####...
 Static Discharge         Conj/Air       #.......     85%         3    ####...
 Tukima's Dance           Hex            #.......     85%         3    ####...
 Airstrike                Air            #.........   99%         4    #####..
 Petrify                  Tmut/Erth      #.......     99%         4    #####..
 Summon Ice Beast         Ice/Summ       #.......     99%         4    #####..
 Throw Icicle             Conj/Ice       #.......     99%         4    #####..
 Lightning Bolt           Conj/Air       #.........   100%        5    ######.
 Metabolic Englaciation   Hex/Ice        #.........   100%        5    ######.
 Yara's Violent Unravell  Hex/Tmut       #.........   100%        5    ######.
 Freezing Cloud           Conj/Ice/Air   #.........   100%        6    #######
 Ring of Flames           Chrm/Fire      #.........   100%        7    #######


Dungeon Overview and Level Annotations

Branches:
Dungeon (13/15)            Temple (0/1) D:6            Lair (6/6) D:11
 Shoals (1/4) Lair:2       Spider (0/4) Lair:4        Slime (0/5) Lair:6
    Orc (2/2) D:12            Elf (1/3) Orc:2         Sewer (visited)
Ossuary (visited)           IceCv (visited)
 Vaults: D:13-14

Altars:
Ashenzari
Elyvilon
Gozag
Makhleb
Nemelex Xobeh
Okawaru
Qazlal
Ru
Trog
Vehumet
Yredelemnul
Zin
The Shining One
Beogh

Shops:
D:5 %   D:8 }   Orc:1 ?   Orc:2 ?([*=


Innate Abilities, Weirdness & Mutations

You reflexively headbutt those who attack you in melee.
You have a pair of horns on your head.
Your flesh is cold resistant. (rC+)
You are resistant to hostile enchantments. (MR+)


Message History

The +3 flail of holy wrath is lightly damaged.
The +2 mace of protection hits you!
The +3 flail of holy wrath closely misses you.
You slash the +3 flail of holy wrath!
The +3 flail of holy wrath is severely damaged.
The +2 mace of protection hits you!
* * * LOW HITPOINT WARNING * * *
You block the +3 flail of holy wrath's attack.
You block the +2 mace of protection's attack.
The +3 flail of holy wrath hits you!
* * * LOW HITPOINT WARNING * * *
The +2 mace of protection hits you.
* * * LOW HITPOINT WARNING * * *
There is an open door, spattered with blood here.
You fail to use your ability.
You block the +3 flail of holy wrath's attack.
The +2 mace of protection hits you!
* * * LOW HITPOINT WARNING * * *
The +2 mace of protection hits you.
You die...

####.## #.#
##.## #..'##
#.# ##.##
#....# #+###
##.# #..###
##...## ##'
##'#
##.....## #..
#.#
#.......###..
#.#
#.......+.'..
#.#
#.......###..
###@###
+.....## #..
#.((..#
##...#'#####
#.....+
##'###.## #
#.......# #.#
##.###
#.......# #.#
##'.#
#.........#
#.# #....
##.......##
#.# #....
#>......# #.#
#....
##.....## #.#
#+##.#


You could see 2 dancing weapons.

Vanquished Creatures
  An orc warlord (Orc:1)
  Nessos (Lair:4)
  6 dire elephants (Lair:6)
  Josephine (Lair:4)
  The ghost of Haxyobbu the Fighter, a journeyman MiFi of Okawaru (Lair:2)
  Fannar (Lair:2)
  5 hydras
  An ice dragon (Lair:5)
  An anaconda (Lair:6)
  Erica (Lair:1)
  A dancing weapon (Elf:1)
  A two-headed ogre (Orc:2)
  5 death yaks
  3 orc high priests (Orc:2)
  A deep elf knight (Elf:1)
  2 deep elf archers (Elf:1)
  A harpy (Shoals:1)
  A necromancer (IceCv)
  4 orc knights
  An oklob plant (Lair:6)
  3 cyclopes
  A manticore (D:12)
  6 orc sorcerers
  An ugly thing (D:12)
  5 deep elf magi (Elf:1)
  30 elephants
  3 black mambas
  3 merfolk sirens (Lair:2)
  A torpor snail (Lair:4)
  2 molten gargoyles (Lair:4)
  4 gargoyles (D:7)
  4 ice statues (IceCv)
  14 spiny frogs
  A kobold demonologist (D:11)
  3 rime drakes
  5 komodo dragons
  7 ice devils (IceCv)
  4 jumping spiders (Lair:4)
  6 polar bears
  A merfolk (Lair:2)
  2 trolls
  3 slime creatures (D:12)
  18 blink frogs
  8 hippogriffs
  4 wyverns
  4 redbacks (Lair:4)
  5 wraiths
  A water elemental (Elf:1)
  A human (D:7)
  Grum (D:8)
  44 yaks
  4 hogs (D:7)
  2 hungry ghosts
  5 basilisks
  7 vampire mosquitoes
  A steam dragon (D:12)
  10 water moccasins
  An acid dragon (D:11)
  9 porcupines
  3 sky beasts
  3 ice beasts
  28 orc warriors
  A phantom (D:5)
  10 ogres
  6 wolves
  20 crocodiles
  A centaur (D:8)
  A big kobold (D:11)
  16 bullfrogs
  An earth elemental (Elf:1)
  A wyvern skeleton (D:10)
  4 scorpions
  16 wights
  15 killer bees
  3 electric eels
  3 howler monkeys (D:9)
  A crimson imp (D:11)
  5 lava snakes (Lair:4)
  2 draconian simulacra (IceCv)
  A bullfrog zombie (D:5)
  3 centaur zombies
  A jelly (D:5)
  7 hounds
  2 quasits
  38 orc priests
  35 orc wizards
  2 centaur skeletons
  6 hell rats
  4 iguanas
  5 worker ants
  A spriggan simulacrum (IceCv)
  2 troll simulacra (IceCv)
  2 big kobold zombies (Ossuary)
  2 centaur simulacra (IceCv)
  A hound skeleton (D:7)
  3 mummies (Ossuary)
  2 worker ant zombies (D:5)
  A howler monkey zombie (D:10)
  A naga simulacrum (IceCv)
  3 river rats (Sewer)
  12 adders
  A gnoll (D:2)
  A howler monkey skeleton (D:11)
  2 ogre simulacra (IceCv)
  3 shadow imps
  3 oozes
  2 adder zombies
  2 adder skeletons
  8 worms
  A dart slug (D:4)
  4 leopard geckos
  121 orcs
  5 giant cockroaches
  6 goblins
  11 hobgoblins
  11 jackals
  5 quokkas
  10 ball pythons
  11 bats
  13 frilled lizards
  16 kobolds
  A leopard gecko skeleton (D:7)
  A quokka skeleton (D:9)
  A quokka zombie (Ossuary)
  17 rats
  2 rat zombies (Ossuary)
  A bush (Lair:6)
  A butterfly (Lair:2)
  2 fungi
  8 plants
817 creatures vanquished.

Vanquished Creatures (collateral kills)
  A merfolk avatar (Shoals:1)
  A komodo dragon (D:11)
  2 orc warriors
  A crocodile (D:11)
  3 orc priests
  2 orc wizards
  6 orcs
16 creatures vanquished.

Vanquished Creatures (others)
  A deep elf mage (Elf:1)
  An orc wizard (Orc:2)
  2 bushes
  14 fungi
  12 plants
30 creatures vanquished.

Grand Total: 863 creatures vanquished

Notes
Turn   | Place    | Note
-------+----------+-------------------------------------------
     0 | D:1      | dikkface the Minotaur Fighter began the quest for the Orb.
     0 | D:1      | Reached XP level 1. HP: 19/19 MP: 0/0
     1 | D:1      | Found a runed translucent door.
    29 | D:1      | Reached skill level 3 in Long Blades
    29 | D:1      | Reached XP level 2. HP: 26/26 MP: 1/1
    43 | D:1      | Reached skill level 4 in Long Blades
   423 | D:1      | Reached XP level 3. HP: 25/31 MP: 2/2
   428 | D:1      | Reached skill level 1 in Maces & Flails
  1023 | D:2      | Found a white marble altar of Elyvilon.
  1023 | D:2      | Found a glowing golden altar of the Shining One.
  1023 | D:2      | Found a glowing silver altar of Zin.
  1032 | D:2      | Became a worshipper of the Shining One
  1121 | D:2      | Found a sacrificial altar of Ru.
  1147 | D:2      | Found an iron altar of Okawaru.
  1538 | D:2      | Reached XP level 4. HP: 32/39 MP: 3/3
  1825 | D:2      | Found a bloodstained altar of Trog.
  2431 | D:3      | Found an opulent altar of Gozag.
  2436 | D:3      | Reached XP level 5. HP: 44/45 MP: 4/4
  2694 | D:3      | Reached skill level 5 in Maces & Flails
  2859 | D:3      | Found a glowing drain.
  2871 | Sewer    | Entered a sewer
  3266 | Sewer    | Reached * piety under the Shining One
  3785 | D:4      | Noticed an ogre
  3787 | D:4      | Reached XP level 6. HP: 47/51 MP: 5/5
  4562 | D:4      | Reached XP level 7. HP: 51/57 MP: 6/6
  4644 | D:4      | Got a shimmering scimitar
  4645 | D:4      | Identified the +8 scimitar "Yrafap" {venom, MR+} (You found
                  | it on level 4 of the Dungeon)
  4680 | D:5      | Entered Level 5 of the Dungeon
  4722 | D:5      | Found Nuikh's Food Boutique.
  4815 | D:5      | Found a glowing golden altar of the Shining One.
  4829 | D:5      | Reached skill level 5 in Long Blades
  5134 | D:5      | Found a burning altar of Makhleb.
  5179 | D:5      | Reached skill level 6 in Long Blades
  5216 | D:5      | Found a sparkling altar of Nemelex Xobeh.
  5217 | D:5      | Reached ** piety under the Shining One
  5667 | D:6      | Reached skill level 7 in Long Blades
  5812 | D:6      | Found a staircase to the Ecumenical Temple.
  5855 | D:6      | Reached XP level 8. HP: 63/64 MP: 7/7
  5960 | D:6      | Reached skill level 8 in Long Blades
  5989 | D:6      | Found a sand-covered staircase.
  6003 | Ossuary  | Entered an ossuary
  6290 | D:6      | Noticed a moth of wrath
  6293 | D:6      | Found a bloodstained altar of Trog.
  6293 | D:6      | Reached *** piety under the Shining One
  6382 | D:7      | Reached skill level 9 in Long Blades
  6409 | D:7      | Got a translucent spear
  6624 | D:7      | Found a sparkling altar of Nemelex Xobeh.
  6689 | D:7      | Reached skill level 10 in Long Blades
  6716 | D:7      | Found a basalt altar of Yredelemnul.
  6828 | D:7      | Identified the +9 spear "Epro" {pierce, Int+3} (You found
                  | it on level 7 of the Dungeon)
  6865 | D:7      | Gained mutation: Your flesh is cold resistant. (rC+)
                  | [potion of mutation]
  6865 | D:7      | Gained mutation: You are resistant to hostile enchantments.
                  | (MR+) [potion of mutation]
  6918 | D:7      | Noticed a gargoyle
  6932 | D:7      | Killed a gargoyle
  6932 | D:7      | Reached skill level 11 in Long Blades
  7018 | D:7      | Noticed a gargoyle
  7020 | D:7      | Killed a gargoyle
  7020 | D:7      | Reached XP level 9. HP: 70/70 MP: 8/8
  7035 | D:7      | Noticed a gargoyle
  7046 | D:7      | Killed a gargoyle
  7046 | D:7      | Reached skill level 12 in Long Blades
  7050 | D:7      | Noticed a gargoyle
  7053 | D:7      | Killed a gargoyle
  7109 | D:7      | Found a radiant altar of Vehumet.
  7150 | D:7      | Reached skill level 13 in Long Blades
  7323 | D:8      | Noticed Grum
  7328 | D:8      | Reached skill level 14 in Long Blades
  7332 | D:8      | Killed Grum
  7341 | D:8      | Reached XP level 10. HP: 71/77 MP: 9/9
  7531 | D:8      | Reached skill level 15 in Long Blades
  7542 | D:8      | Reached **** piety under the Shining One
  7727 | D:8      | Found Koru's Gadget Emporium.
  7937 | D:9      | Reached skill level 1 in Invocations
  7945 | D:9      | Reached skill level 1 in Dodging
  8341 | D:9      | Reached skill level 5 in Fighting
  8754 | D:9      | Reached skill level 5 in Armour
  9124 | D:9      | Found a stormy altar of Qazlal.
  9382 | D:9      | Found a shattered altar of Ashenzari.
  9447 | D:10     | Entered Level 10 of the Dungeon
  9553 | D:10     | Reached ***** piety under the Shining One
  9860 | D:10     | Reached skill level 5 in Shields
  9860 | D:10     | Reached XP level 11. HP: 91/91 MP: 11/13
 10093 | D:10     | You fall into a shaft and drop 2 floors!
 10621 | D:10     | Reached skill level 5 in Invocations
 12036 | D:11     | Found a staircase to the Lair.
 12048 | Lair:1   | Entered Level 1 of the Lair of Beasts
 12593 | Lair:1   | HP: 2/97 [spiny frog (21)]
 12595 | Lair:1   | Reached XP level 12. HP: 1/105 MP: 11/15
 12595 | Lair:1   | The Shining One protects you from harm!
 12984 | Lair:1   | Reached skill level 5 in Dodging
 13109 | Lair:1   | Noticed Erica
 13119 | Lair:1   | Killed Erica
 13214 | Lair:1   | Reached skill level 10 in Fighting
 13635 | Lair:2   | Found a staircase to the Shoals.
 14027 | Lair:2   | Noticed Fannar
 14036 | Lair:2   | Killed Fannar
 14086 | Lair:2   | Noticed a five-headed hydra
 14096 | Lair:2   | Killed a nine-headed hydra
 14267 | Lair:2   | Found a runed translucent gate.
 15028 | Lair:2   | Found a runed translucent gate.
 15029 | Lair:2   | Found a runed translucent gate.
 15031 | Lair:2   | Noticed Haxyobbu's ghost (journeyman MiFi)
 15057 | Lair:2   | Killed Haxyobbu's ghost
 15160 | Lair:2   | Reached XP level 13. HP: 78/117 MP: 17/17
 15900 | Lair:3   | Found a gate leading to a gauntlet.
 16952 | Lair:4   | Noticed Nessos
 16961 | Lair:4   | Killed Nessos
 17039 | Lair:4   | Noticed Josephine
 17066 | Lair:4   | Killed Josephine
 17990 | Lair:4   | Found a hole to the Spider Nest.
 18008 | Lair:4   | Reached skill level 10 in Armour
 19454 | Lair:5   | Reached skill level 10 in Shields
 19956 | Lair:5   | Reached skill level 16 in Long Blades
 20740 | Lair:6   | Entered Level 6 of the Lair of Beasts
 21770 | Lair:6   | Reached XP level 14. HP: 68/127 MP: 19/19
 24369 | Lair:6   | Found a staircase to the Slime Pits.
 25493 | Lair:6   | Reached skill level 10 in Invocations
 26436 | Shoals:1 | Entered Level 1 of the Shoals
 26975 | D:12     | You fall into a shaft and drop 1 floor!
 27286 | D:13     | Reached ****** piety under the Shining One
 27564 | D:13     | Found a frozen archway.
 27596 | IceCv    | Entered an ice cave
 28658 | IceCv    | Got a faintly humming chain mail
 28677 | IceCv    | Identified the +1 chain mail "Lufoados" {rF++ rC+} (You
                  | found it in an ice cave)
 28874 | D:12     | Reached skill level 17 in Long Blades
 28874 | D:12     | Reached XP level 15. HP: 138/138 MP: 21/21
 28965 | D:12     | Found a burning altar of Makhleb.
 29172 | D:12     | Found a staircase to the Orcish Mines.
 29233 | Orc:1    | Entered Level 1 of the Orcish Mines
 29301 | Orc:1    | Found a roughly hewn altar of Beogh.
 29371 | Orc:1    | Found Dyusehao's Magic Scroll Shoppe.
 29384 | Orc:1    | Bought a scroll of blinking for 112 gold pieces
 29384 | Orc:1    | Bought a scroll of identify for 30 gold pieces
 29384 | Orc:1    | Bought a scroll of remove curse for 45 gold pieces
 29384 | Orc:1    | Bought a scroll of identify for 30 gold pieces
 29384 | Orc:1    | Bought a scroll of remove curse for 45 gold pieces
 29384 | Orc:1    | Bought a scroll of identify for 30 gold pieces
 29384 | Orc:1    | Bought a scroll of identify for 30 gold pieces
 29732 | Orc:2    | Entered Level 2 of the Orcish Mines
 29784 | Orc:2    | Found Ceemanun's Magic Scroll Shoppe.
 30207 | Orc:2    | Noticed an orc warlord
 30527 | Orc:1    | Killed an orc warlord
 31205 | Orc:2    | Found Gironoem's General Store.
 31205 | Orc:2    | Found Caumoc's Jewellery Boutique.
 31231 | Orc:2    | Found Gulusili's Antique Armour Shop.
 31231 | Orc:2    | Found Sivoatzi's Antique Weapon Shop.
 31275 | Orc:2    | Bought the ring of Ikail {rElec rC+ MR+ Int+4 Stlth+} for
                  | 837 gold pieces
 31280 | Orc:2    | Bought a +1 cloak for 172 gold pieces
 31297 | Orc:2    | Found a staircase to the Elven Halls.
 31875 | Elf:1    | Entered Level 1 of the Elven Halls
 32647 | Elf:1    | HP: 3/139 [+2 mace of protection (10)]
 32647 | Elf:1    | Slain by a +2 mace of protection

Levels and vault maps discovered:
D:1:      dpeg_arrival_caged_fury, layout_basic, minmay_nonomino_d4
D:2:      minmay_angry_zag, layout_basic, good_gods_mini_temple,
          old_standard_altar, old_standard_altar, old_standard_altar,
          serial_bayou, serial_bayou_pond_c, serial_bayou_lagoon_a,
          serial_bayou_pond_e, serial_bayou_pond_a
D:3:      minmay_razor_zed, layout_loops_ring, lemuel_round_altar,
          portal_sewer_entry_d, chequers_garden, hex_large, minmay_crystal_water
D:4:      layout_gridville, first_ration
D:5:      layout_basic, overflow_temple_1_default, overflow_temple_1_default,
          serial_shops, shop, basic_altar
D:6:      layout_rooms, minmay_temple_entry_wispy, chequers_ossuary_entry_cave,
          nrook_campfire, tgw_trog
D:7:      cheibrodos_statue_roulette, layout_basic, yredelemnul_altar_generic,
          vehumet_crystals, kennysheep_nub, grunt_livestock,
          nemelex_spade_bored_becter
D:8:      layout_basic, serial_shops, nicolae_shop_stone, uniq_grum
D:9:      layout_basic, kennysheep_little_box, lemuel_doored_altar,
          item_on_display_a
D:10:     layout_basic, serial_bayou_crossing
D:11:     layout_loops_ring, erik_lair_dragon, chequers_serial_rivers_room_a
D:12:     layout_cave_pools, david_orc_1_choice, minmay_misc_feat_x,
          minmay_statues_item, minivault_11, bloody_makhleb
D:13:     layout_basic, portal_ice_cave_entry_animals_and_master
Lair:1:   layout_hall_layers, ldierk_geyser, uniq_erica
Lair:2:   layout_long_grid, elwin_shoals_entry_stream,
          ebering_ghost_rock_garden, lemuel_fruit_fields, grunt_megastairs_1,
          uniq_fannar
Lair:3:   layout_loops_ring, gauntlet_entry_generic
Lair:4:   cheibrodos_magma_flow, layout_small_grid,
          nicolae_spider_entry_tight_spaces, lookout_lair_type, uniq_nessos,
          uniq_josephine
Lair:5:   dragon1_lemuel, layout_loops_ring, minivault_27, st_stairs_13
Lair:6:   due_jungle_book, layout_small_grid, slime_dummy,
          nicolae_quartered_pool_super, serial_bayou_pond_b,
          minmay_lair_oklob_bushes, st_stairs_4
Shoals:1: layout_shoals, uniq_louise
Orc:1:    layout_diamond_mine, basic_altar, serial_shops, shop
Orc:2:    st_orc_congregation, layout_caves, serial_shops, shop
Elf:1:    layout_geoelf_octagon, serial_shops, nicolae_shop_statue_plus,
          hangedman_elf_disciples, hangedman_research_toxicology, uniq_aizul

Skill      XL: |  1  2  3  4  5  6  7  8  9 10 11 12 13 14 15 |
---------------+----------------------------------------------+-----
Long Blades    | 3 4 7 11 14 15 16 17 | 17.5
Maces & Flails | 2 4 6 8 |  8.2
Fighting       | 6 9 11 12 14 | 14.8
Invocations    | 4 6 7 9 10 | 10.1
Armour         | 5 7 9 10 12 13 | 13.1
Shields        | 5 6 8 10 11 12 | 12.8
Dodging        | 2 4 6 |  6.1

Action                   |  1- 3 |  4- 6 |  7- 9 | 10-12 | 13-15 || total
-------------------------+-------+-------+-------+-------+-------++-------
Melee: Long sword        |    20 |       |       |       |       ||    20
       Headbutt          |    22 |    16 |    32 |   118 |   313 ||   501
       Mace              |    84 |   168 |       |       |       ||   252
       Scimitar          |       |       |   175 |   503 |  1112 ||  1790
       Spear             |       |       |       |       |    10 ||    10
Invok: Summon Divine War |       |       |       |     1 |     3 ||     4
       Divine Shield     |       |       |       |     1 |       ||     1
       Cleansing Flame   |       |       |       |       |     1 ||     1
  Use: Scroll            |       |       |    22 |     1 |    15 ||    38
       Potion            |       |       |     1 |     2 |     4 ||     7
  Eat: Chunk             |     2 |     9 |     7 |    22 |    27 ||    67
       Ration            |       |       |     1 |     1 |     9 ||    11
Armor: Scale mail        |    17 |       |       |       |       ||    17
       Ring mail         |    23 |    66 |    46 |    91 |       ||   226
       Acid dragon scale |       |       |       |    56 |     5 ||    61
       Plate armour      |       |       |       |       |   403 ||   403
       Chain mail        |       |       |       |       |    98 ||    98
       Skin              |       |       |       |       |     1 ||     1
Dodge: Dodged            |    29 |    61 |    41 |   217 |   388 ||   736
Block: Shield            |    48 |   109 |    62 |    59 |   692 ||   970
       Buckler           |       |       |       |    91 |    16 ||   107
       Rpst.: Long sword |     2 |       |       |       |       ||     2
       Scimitar          |       |       |     9 |    56 |    88 ||   153
